 Dungeon Crawl Stone Soup version 0.26-a0-1049-g242049e08c (webtiles) character file.

Game seed: 1207942678966546537

263 Baldric the Slasher (level 6, -1/48 HPs)
             Began as a Human Berserker on Dec 12, 2020.
             Was a Believer of Trog.
             Slain by an orc
             ... wielding a +0 whip
              (4 damage)
             ... on level 3 of the Dungeon.
             The game lasted 00:10:24 (2074 turns).

Baldric the Slasher (Human Berserker)               Turns: 2074, Time: 00:10:24

Health: -1/48      AC:  6    Str: 17    XL:     6   Next: 42%
Magic:  6/6        EV: 11    Int:  8    God:    Trog [**....]
Gold:   173        SH:  0    Dex: 14    Spells: 5/5 levels left

rFire    . . .     SeeInvis .   h - +0 scythe
rCold    + . .     Faith    .   (shield currently unavailable)
rNeg     . . .     Spirit   .   e - +0 scale mail
rPois    .         Reflect  .   (no helmet)
rElec    .         Harm     .   (no cloak)
rCorr    .         Rampage  .   (no gloves)
Will     .....                  (no boots)
Stlth    ..........             (no amulet)
HPRegen  0.16/turn              g - ring of protection from cold
MPRegen  0.10/turn              (no ring)

@: no status effects
A: no striking features
a: Berserk, Trog's Hand, Renounce Religion


You were on level 3 of the Dungeon.
You worshipped Trog.
Trog was pleased with you.
You visited 1 branch of the dungeon, and saw 4 of its levels.

You collected 173 gold pieces.

Inventory:

Hand Weapons
 a - a +0 falchion
 h - a +0 scythe (weapon)
Missiles
 i - 4 javelins
Armour
 b - a +0 animal skin
 e - a +0 scale mail (worn)
Jewellery
 g - a ring of protection from cold (left hand)
Scrolls
 d - a scroll of fog {unknown}
 f - a scroll of identify {unknown}


   Skills:
 + Level 4.0 Fighting
 + Level 4.8 Long Blades
 + Level 1.2 Polearms
 + Level 3.1 Armour
 + Level 2.8 Dodging
 + Level 0.4 Stealth


You had 5 spell levels left.
You didn't know any spells.
Your spell library was empty.

Dungeon Overview and Level Annotations

Branches:
Dungeon (4/15)
 Temple: D:4-7

Altars:
Fedhas
Zin


Message History

The orc closely misses you.
The orc wizard points at you and mumbles some strange words.
The puff of flame hits you.
* * * LOW HITPOINT WARNING * * *
The orc wizard hits you with a +0 dagger.
* * * LOW HITPOINT WARNING * * *
You slash the orc wizard!
You kill the orc wizard!
Trog accepts your kill.
Trog appreciates your killing of a magic user.
The orc barely misses you. The orc closely misses you.
The orc hits you but does no damage. x2; The orc hits you with a +0 whip.
* * * LOW HITPOINT WARNING * * *
Your Polearms skill increases to level 1!
The orc barely misses you. The orc closely misses you.
You barely miss the orc. The orc hits you with a +0 falchion.
* * * LOW HITPOINT WARNING * * *
The orc hits you but does no damage. x2; The orc hits you with a +0 whip.
You die...

#.....# #.....#
#### ##....# ...#
#.(..#####.#.#
##+#.()†.....#
#####
#...####....##....#
##........#.......#
##.>###....##.....#
#<..###.###o@.....#
######....(o##.#.##
#####)o# # #.....
........ ....#####
.....# ......#
.#######


You could see 3 orcs.

Vanquished Creatures
  Sigmund (D:2)
  An orc wizard (D:3)
  An adder (D:3)
  An ooze (D:1)
  2 worms (D:2)
  2 dart slugs
  3 leopard geckos
  2 orcs (D:3)
  A giant cockroach (D:1)
  3 goblins
  8 hobgoblins
  6 jackals
  4 quokkas
  4 bats
  3 frilled lizards
  5 kobolds
  4 rats (D:1)
51 creatures vanquished.

Vanquished Creatures (others)
  A plant (D:1)
1 creature vanquished.

Grand Total: 52 creatures vanquished

Notes
Turn   | Place    | Note
-------+----------+-------------------------------------------
     0 | D:1      | Baldric the Human Berserker began the quest for the Orb.
     0 | D:1      | Reached XP level 1. HP: 18/18 MP: 1/1
   230 | D:1      | Reached XP level 2. HP: 18/24 MP: 2/2
   276 | D:1      | Reached XP level 3. HP: 22/29 MP: 3/3
  1279 | D:2      | Reached ** piety under Trog
  1361 | D:2      | Found a glowing silver altar of Zin.
  1453 | D:2      | Noticed Sigmund
  1471 | D:2      | Killed Sigmund
  1472 | D:2      | Reached XP level 4. HP: 8/37 MP: 4/4
  1472 | D:2      | Reached XP level 5. HP: 9/42 MP: 5/5
  1472 | D:2      | Reached XP level 6. HP: 10/48 MP: 6/6
  1606 | D:2      | Found a faded altar of an unknown god.
  1981 | D:3      | Found a blossoming altar of Fedhas.
  2072 | D:3      | Reached skill level 1 in Polearms
  2074 | D:3      | Slain by an orc

Illustrated notes

Levels and vault maps discovered:
D:1:      beargit_arrival_greenhouse, layout_loops_ring, minivault_14,
          serial_bayou_pond_d, minmay_misc_feat_iff, grunt_decor_junction
D:2:      layout_basic, zin_academy, chequers_ecumenical_altar_simple_redux,
          uniq_sigmund
D:3:      layout_basic, trog_eyes_of_draining, lemuel_crystal_altar,
          fedhas_altar_1
D:4:      layout_loops_ring, kennysheep_mini_moat, gammafunk_ghost_stat_death

Skill      XL: |  1  2  3  4  5  6 |
---------------+-------------------+-----
Long Blades    | 4 |  4.8
Armour         | 3 |  3.1
Fighting       | 4 |  4.0
Polearms       | 1 |  1.2
Dodging        | |  2.8
Stealth        | |  0.4

Action                   |  1- 3 |  4- 6 || total
-------------------------+-------+-------++-------
Melee: Falchion          |   123 |       ||   123
       Scythe            |       |    69 ||    69
Invok: Berserk           |     1 |       ||     1
  Use: Scroll            |       |     1 ||     1
       Potion            |       |     1 ||     1
Armor: Animal skin       |     7 |       ||     7
       Scale mail        |    54 |    61 ||   115
Dodge: Dodged            |    91 |    77 ||   168
       Rpst.: Falchion   |    31 |       ||    31

Table legend: (Time is in decaauts)
 A = Elapsed time spent in this place.
 B = Non-inter-level travel time spent in this place.
 C = Inter-level travel time spent in this place.
 D = Time resting spent in this place.
 E = Time spent auto-exploring this place.
 F = Levels seen in this place.
 G = Mean time per level.
                   A        B        C        D        E       F      G
               +--------+--------+--------+--------+--------+-----+--------+
         Total |   2168 |   2160 |      8 |      0 |      0 |   4 |  542.0 |
       Dungeon |   2168 |   2160 |      8 |      0 |      0 |   4 |  542.0 |
               +--------+--------+--------+--------+--------+-----+--------+

Top non-repeatable levels by time:
     D:2: 1045 daAuts
     D:1: 948 daAuts
     D:3: 173 daAuts
     D:4: 1 daAuts
